 Dungeon Crawl Stone Soup version 0.19.5 (webtiles) character file.

123 tidbits the Magician (level 4, -3/29 HPs)
             Began as a High Elf Skald on Nov 13, 2017.
             Shot with an arrow by a centaur (15 damage)
             ... on level 5 of the Dungeon.
             The game lasted 00:06:32 (768 turns).

tidbits the Magician (High Elf Skald)                Turns: 768, Time: 00:06:33

Health: -3/29      AC:  4    Str: 12    XL:     4   Next: 79%
Magic:  7/11       EV: 12    Int: 16    God:
Gold:   91         SH:  4    Dex: 14    Spells: 5 memorised, 0 levels left

rFire  . . .     SeeInvis .     a - +2 dagger (drain)
rCold  . . .     Gourm    .     B - +0 leather armour
rNeg   . . .     Faith    .     D - +0 buckler (curse)
rPois  .         Spirit   .     (no helmet)
rElec  .         Reflect  .     (no cloak)
rCorr  .         Harm     .     G - +0 pair of gloves
MR     .....                    (no boots)
Stlth  ++........               (no amulet)
                                (no ring)
                                (no ring)

@: singing
A: no striking features
a: Stop Singing


You were on level 5 of the Dungeon.
You were hungry.

You visited 1 branch of the dungeon, and saw 6 of its levels.

You collected 91 gold pieces.

Inventory:

Hand Weapons
 a - a +2 dagger of draining (weapon)
   (You found it on level 1 of the Dungeon)
 e - a +0 falchion
 l - a +0 hunting sling
   (You took it off a goblin on level 2 of the Dungeon)
 s - a +0 rapier
   (You found it on level 2 of the Dungeon)
Missiles
 b - 20 sling bullets
 g - 47 bolts
 m - 64 stones (quivered)
Armour
 j - a +0 ring mail
   (You found it on level 2 of the Dungeon)
 B - a +0 leather armour (worn)
 D - a cursed +0 buckler (worn)
   (You found it on level 3 of the Dungeon)
 G - a +0 pair of gloves (worn)
   (You found it on level 1 of the Dungeon)
Scrolls
 f - a scroll of amnesia {unknown}
 h - a scroll of identify {unknown}
 o - a scroll of enchant weapon {unknown}
 q - 2 scrolls of remove curse {unknown}
 r - 3 scrolls of random uselessness {unknown}
 t - 2 scrolls of teleportation {unknown}
 u - a scroll of magic mapping {unknown}
Potions
 i - a potion of cancellation {unknown}
 k - a potion of magic {unknown}
 n - 2 potions of heal wounds {unknown}
 p - a potion of lignification {unknown}
Books
 c - a book of Battle

   Spells                             Type                      Level
   a - Infusion                       Charms                       1
   b - Shroud of Golubria             Charms/Translocation         2
   c - Song of Slaying                Charms                       2
   d - Spectral Weapon                Hexes/Charms                 3
   e - Regeneration                   Charms/Necromancy            3
Comestibles
 d - 3 bread rations
 v - a meat ration


   Skills:
 - Level 2.0 Fighting
 - Level 2.4 Long Blades
 - Level 0.8 Armour
 - Level 2.4 Dodging
 - Level 2.0 Stealth
 + Level 1.2 Shields
 - Level 4.2 Spellcasting
 - Level 3.6 Charms


You couldn't memorise any spells.
You knew the following spells:

 Your Spells              Type           Power        Failure   Level  Hunger
g - Shroud of Golubria    Chrm/Tloc      #.........   24%         2    ##.....
i - Infusion              Chrm           ###.         10%         1    None
r - Regeneration          Chrm/Necr      #.........   52%         3    ###....
w - Spectral Weapon       Hex/Chrm       #.......     52%         3    ###....
y - Song of Slaying       Chrm           ###.....     12%         2    ##.....


Dungeon Overview and Level Annotations

Branches:
Dungeon (6/15)
 Temple: D:4-7

Altars:

Shops:
D:4 (


Message History

Space distorts slightly along a thin shroud covering your body.
The centaur zombie closely misses you.
You hit the centaur zombie.
The centaur zombie is moderately damaged.
The centaur zombie barely misses you.
You barely miss the centaur zombie.
The centaur zombie is moderately damaged.
The centaur zombie hits you but does no damage.
The centaur zombie misses you.
You hit the centaur zombie.
The centaur zombie is heavily damaged.
The centaur zombie barely misses you.
You hit the centaur zombie.
The centaur zombie is heavily damaged.
The centaur zombie hits you but does no damage.
You barely miss the centaur zombie.
The centaur zombie is heavily damaged.
The centaur zombie closely misses you. The centaur zombie barely misses you.
You hit the centaur zombie.
The centaur zombie is severely damaged.
The centaur zombie misses you.
You hit the centaur zombie.
The centaur zombie is severely damaged.
Your shroud bends the centaur zombie's attack away!
You hit the centaur zombie.
The centaur zombie is almost destroyed.
The centaur zombie closely misses you.
You hit the centaur zombie.
The centaur zombie is almost destroyed.
The centaur zombie misses you.
The centaur zombie hits you but does no damage.
You hit the centaur zombie.
You destroy the centaur zombie!
Your Shields skill increases to level 1!
Your Spellcasting skill increases to level 4!
This spell is quite dangerous to cast!
Memorise Spectral Weapon, consuming 3 spell levels and leaving 0?
You start memorising the spell.
You continue memorising. x3
You finish memorising.
Spell assigned to 'w'.
Your shroud begins to fray at the edges.
Found a scroll labeled MEUBUX ZEOH.
There is a stone staircase leading down here.
You climb downwards.
There is a stone staircase leading up here.
You climb upwards.
There is a stone staircase leading down here.
Your shroud unravels.
A shadow imp comes into view.
You see here 29 stones.
m - 64 stones (gained 29)
The shadow imp shouts, "Get thee hence, thou worthless weather-bitten flax-wench!"
You hear a shout!
The shadow imp hits you but does no damage.
You see here a scroll labeled MEUBUX ZEOH.
Casting: Shroud of Golubria
Confirm with . or Enter, or press ? or * to list all spells.
You draw out your weapon's spirit!
You are feeling hungry.
The shadow imp barely misses you.
You hit the shadow imp.
The shadow imp is heavily wounded.
The shadow imp hits you but does no damage.
A scorpion comes into view.
You hit the shadow imp but do no damage.
The shadow imp is heavily wounded.
Your spectral weapon hits the shadow imp.
The shadow imp shouts to your spectral weapon, "Decamp, thou villainous miscreant malt-worm!"
The shadow imp completely misses your spectral weapon.
You hit the shadow imp.
The shadow imp is almost dead.
Your spectral weapon barely misses the shadow imp.
The shadow imp gestures at you. Pain shoots through your body!
A centaur comes into view.
You completely miss the shadow imp.
The shadow imp is almost dead.
Your spectral weapon hits the shadow imp but does no damage.
Casting: Spectral Weapon
Confirm with . or Enter, or press ? or * to list all spells.
You start singing a song of slaying.
The shadow imp hits you but does no damage.
You barely miss the shadow imp.
The shadow imp is almost dead.
Your spectral weapon hits the shadow imp but does no damage.
You block the shadow imp's attack.
Your shield and leather armour prevent you from hitting the shadow imp.
The shadow imp is almost dead.
Your spectral weapon barely misses the shadow imp.
The shadow imp gestures at you. Pain shoots through your body!
* * * LOW HITPOINT WARNING * * *
You closely miss the shadow imp.
The shadow imp is almost dead.
Your spectral weapon hits the shadow imp but does no damage.
The shadow imp hits you but does no damage.
You hit the shadow imp.
You kill the shadow imp!
The centaur wields a shortbow.
The centaur shoots an arrow.
The arrow hits you!
Ouch! That really hurt!
You die...

#####.......#
#...........#
###.....>.....#
..............#
.######..######
#....# #.##.##
#.##..# #.#@(.#
#.#.#.# ...c#.#
...##.. .## ##.
.# . .. . ..


You could see a centaur and a friendly spectral dagger of draining.

Vanquished Creatures
  A centaur zombie (D:5)
  An orc wizard (D:3)
  An adder (D:2)
  A shadow imp (D:5)
  A worm (D:3)
  2 dart slugs
  A leopard gecko (D:2)
  4 orcs (D:4)
  3 ball pythons
  2 giant cockroaches
  2 goblins
  3 hobgoblins
  5 jackals (D:2)
  4 bats
  4 frilled lizards
  4 kobolds
  2 rats
41 creatures vanquished.

Notes
Turn   | Place    | Note
-------+----------+-------------------------------------------
     0 | D:1      | tidbits the High Elf Skald began the quest for the Orb.
     0 | D:1      | Reached XP level 1. HP: 14/14 MP: 4/4
   153 | D:2      | Reached XP level 2. HP: 19/19 MP: 6/6
   157 | D:2      | Learned a level 2 spell: Song of Slaying
   160 | D:2      | Learned a level 2 spell: Shroud of Golubria
   179 | D:2      | Reached skill level 1 in Stealth
   208 | D:2      | Reached skill level 2 in Dodging
   352 | D:2      | Reached XP level 3. HP: 21/24 MP: 4/8
   357 | D:2      | Reached skill level 2 in Stealth
   468 | D:3      | Reached skill level 3 in Spellcasting
   481 | D:3      | Reached XP level 4. HP: 14/29 MP: 3/10
   504 | D:3      | Learned a level 3 spell: Regeneration
   714 | D:4      | Found Neiriseu's Antique Weapon Emporium.
   725 | D:5      | Entered Level 5 of the Dungeon
   737 | D:5      | Reached skill level 1 in Shields
   737 | D:5      | Reached skill level 4 in Spellcasting
   742 | D:5      | Learned a level 3 spell: Spectral Weapon
   763 | D:5      | Noticed a centaur
   768 | D:5      | Shot with an arrow by a centaur

Skill      XL: |  1  2  3  4 |
---------------+-------------+-----
Stealth        | 1 2 |  2.0
Dodging        | 2 |  2.4
Spellcasting   | 3 4 |  4.2
Shields        | 1 |  1.2
Fighting       | |  2.0
Long Blades    | |  2.4
Armour         | |  0.8
Charms         | |  3.6

Action                   |  1- 3 |  4- 6 || total
-------------------------+-------+-------++-------
Melee: Dagger            |    73 |    53 ||   126
       Falchion          |     6 |       ||     6
 Cast: Infusion          |     3 |       ||     3
       Song of Slaying   |     3 |     2 ||     5
       Shroud of Golubri |     2 |     2 ||     4
       Regeneration      |       |     1 ||     1
       Spectral Weapon   |       |     1 ||     1
 Stab: Sleeping          |       |     1 ||     1
Armor: Leather armour    |    18 |    19 ||    37
Dodge: Dodged            |    47 |    20 ||    67
Block: Buckler           |       |     6 ||     6
       Rpst.: Falchion   |     1 |       ||     1

Table legend:
 A = Turns spent in this place as a percentage of turns spent in the entire game.
 B = Non-inter-level travel turns spent in this place as a percentage of non-inter-level travel turns spent in the entire game.
 C = Inter-level travel turns spent in this place as a percentage of turns spent in this place.
 D = Turns resting spent in this place as a percentage of non-inter-level travel turns spent in this place.
 E = Turns spent auto-exploring this place as a percentage of non-inter-level travel turns spent in this place.
 F = Non-inter-level travel turns spent in this place divided by the number of levels of this place that you've seen.
                   A       B       C       D       E      F
               +-------+-------+-------+-------+-------+----------------------
         Total | 100.0 | 100.0 |   0.0 |   0.0 |   0.0 | 121.8
       Dungeon | 100.0 | 100.0 |   0.0 |   0.0 |   0.0 | 121.8
               +-------+-------+-------+-------+-------+----------------------

Table legend:
 A = Kills in this place as a percentage of kills in entire the game.
 B = Kills by you in this place as a percentage of kills by you in the entire game.
 C = Kills by friends in this place as a percentage of kills by friends in the entire game.
 D = Other kills in this place as a percentage of other kills in the entire game.
 E = Experience gained in this place as a percentage of experience gained in the entire game.
 F = Experience gained in this place divided by the number of levels of this place that you have seen.
                   A       B       C       D       E      F
               +-------+-------+-------+-------+-------+----------------------
         Total | 100.0 | 100.0 |  -nan |  -nan | 100.0 |  29.3
       Dungeon | 100.0 | 100.0 |  -nan |  -nan | 100.0 |  29.3
               +-------+-------+-------+-------+-------+----------------------

Vault maps used:
D:1:      minmay_arrival_stone_box, minmay_close_crescents
D:2:      minmay_bisected
D:3:      kennysheep_generic_room_9
D:4:      first_bread, serial_shops, shop, hangedman_abyss_or_decor_lesser_grid,
          uniq_duvessa, uniq_blork_the_orc
D:5:      uniq_menkaure
D:6:      minmay_temple_entry_glassed_door, nicolae_ashenzari_panopticon
